 Dungeon Sprint DCSS version 0.20.1-1-g8b1a95d (webtiles) character file.

922 equalderp2856 the Protected (level 7, 0/109 HPs)
             Began as a Minotaur Fighter on Oct 11, 2017.
             Was an Initiate of Gozag.
             Shot with an arrow by a centaur warrior (13 damage)
             ... in the Dungeon (Sprint I: "Red Sonja").
             The game lasted 00:01:22 (751 turns).

equalderp2856 the Protected (Minotaur Fighter)       Turns: 751, Time: 00:01:23

Health: 0/109      AC:  9    Str: 26    XL:     7   Next: 84%
Magic:  6/6        EV: 10    Int:  5    God:    Gozag
Gold:   297        SH: 12    Dex: 11    Spells: 6/6 levels left

rFire    . . .     SeeInvis .   a - +0 war axe
rCold    . . .     Gourm    .   c - +0 shield
rNeg     . . .     Faith    .   b - +0 scale mail
rPois    .         Spirit   .   (helmet restricted)
rElec    .         Reflect  .   (no cloak)
rCorr    .         Harm     .   (no gloves)
MR       .....     NoTele   +   (no boots)
Stlth    ..........             (no amulet)
Regen    0.3/turn               (no ring)
MPRegen  0.1/turn               (no ring)

@: berserking, gold aura, very quick
A: retaliatory headbutt, horns 2
a: Potion Petition, Call Merchant, Bribe Branch, Renounce Religion


You were in the Dungeon.
You worshipped Gozag.
Gozag was aware of your devotion.
You were not hungry.

You visited 1 branch You collected 297 gold pieces.

Inventory:

Hand Weapons
 a - a +0 war axe (weapon)
Armour
 b - a +0 scale mail (worn)
 c - a +0 shield (worn)
Wands
 l - a wand of polymorph (7/24)
Scrolls
 k - a scroll of blinking
Potions
 d - a potion of might
 e - a potion of curing
 h - a potion of haste
 i - 2 potions of magic
 m - 2 potions of flight {unknown}
 n - a potion of brilliance {unknown}
Comestibles
 f - a bread ration


   Skills:
 + Level 10.5 Fighting
 + Level 9.6 Axes
 + Level 11.3 Armour
 + Level 2.9 Dodging
 + Level 10.3 Shields
 + Level 3.3 Unarmed Combat


You had 6 spell levels left.
You didn't know any spells.

Dungeon Overview and Level Annotations

Branches:
Dungeon (1/1)

Altars:
Cheibriados
Dithmenos
Elyvilon
Fedhas
Gozag
Hepliaklqana
Kikubaaqudgha
Nemelex Xobeh
Okawaru
Qazlal
Ru
Sif Muna
Trog
Uskayaw
Vehumet
Yredelemnul
Zin
The Shining One

Shops:
D ?


Innate Abilities, Weirdness & Mutations

You reflexively headbutt those who attack you in melee.
You have a pair of horns on your head.


Message History

The deep troll claws you.
* * * LOW HITPOINT WARNING * * *
You slash the deep troll!
The deep troll is severely wounded.
The deep troll barely misses you. You furiously retaliate!
You headbutt the deep troll!! The deep troll claws you.
* * * LOW HITPOINT WARNING * * *
The deep troll claws you but does no damage.
You hit the deep troll. You headbutt the deep troll.
You kill the deep troll!
Your Fighting skill increases to level 10!
Your Axes skill gained 3 levels and is now at level 9!
Your Armour skill gained 2 levels and is now at level 11!
Your Dodging skill increases to level 2!
Your Shields skill increases to level 10!
Your Unarmed Combat skill increases to level 3!
You have reached level 7!
The centaur warrior shoots an arrow.
The arrow hits you!
You die...
Your body crumbles into a pile of gold.

################
#<.#[.').#..'((# $$ $ $
#..'..#..').#..+ $$ $
#..#####'#####@# ## $
#..####..#...#$####§§ $
#..#__####..##c#§≈§§c#$$
#..#_____##'#.c'§§§§.+
#⌠⌠#_.∩...'..._#§§≈§§#$$
####_..__##_.#'##'####
$$#_____###+#(#$))! $
####### ### ### $ $ $ $$
$$


You could see 2 centaur warriors.

Vanquished Creatures
  A deep troll (D)
  Sigmund (D)
  A yak (D)
  A scorpion (D)
  A jelly (D)
  Ijyb (D)
6 creatures vanquished.

Notes
Turn   | Place    | Note
-------+----------+-------------------------------------------
     0 | D        | equalderp2856 the Minotaur Fighter began the quest for the Orb.
     0 | D        | Reached XP level 1. HP: 19/19 MP: 0/0
     2 | D        | Noticed Ijyb
    30 | D        | Killed Ijyb
    30 | D        | Reached skill level 5 in Fighting
    30 | D        | Reached skill level 5 in Armour
    30 | D        | Reached skill level 5 in Shields
    30 | D        | Reached skill level 1 in Unarmed Combat
    30 | D        | Reached XP level 2. HP: 24/29 MP: 1/1
    84 | D        | Noticed an ogre
    85 | D        | Noticed a scorpion
    85 | D        | an ogre changed into a scorpion
    87 | D        | Killed a scorpion
    87 | D        | Reached skill level 6 in Armour
    87 | D        | Reached XP level 3. HP: 37/37 MP: 2/2
    87 | D        | Reached XP level 4. HP: 44/44 MP: 3/3
   235 | D        | Noticed Sigmund
   241 | D        | Killed Sigmund
   241 | D        | Reached skill level 5 in Axes
   241 | D        | Reached skill level 8 in Armour
   241 | D        | Reached skill level 1 in Dodging
   241 | D        | Reached XP level 5. HP: 37/55 MP: 4/4
   347 | D        | Found a deep blue altar of Sif Muna.
   349 | D        | Found a radiant altar of Vehumet.
   445 | D        | Found Kiemuxup's Magic Scroll Emporium.
   445 | D        | Found an ancient bone altar of Kikubaaqudgha.
   445 | D        | Found a hazy altar of Hepliaklqana.
   445 | D        | Found a stormy altar of Qazlal.
   445 | D        | Found a hide-covered altar of Uskayaw.
   445 | D        | Found a blossoming altar of Fedhas.
   445 | D        | Found a bloodstained altar of Trog.
   445 | D        | Found an iron altar of Okawaru.
   445 | D        | Found a basalt altar of Yredelemnul.
   445 | D        | Found a glowing golden altar of the Shining One.
   445 | D        | Found a snail-covered altar of Cheibriados.
   445 | D        | Found a sacrificial altar of Ru.
   445 | D        | Found a glowing silver altar of Zin.
   445 | D        | Found a shadowy altar of Dithmenos.
   445 | D        | Found a white marble altar of Elyvilon.
   445 | D        | Noticed a yak
   453 | D        | Killed a yak
   453 | D        | Reached skill level 9 in Armour
   453 | D        | Reached XP level 6. HP: 17/64 MP: 5/5
   454 | D        | Found an opulent altar of Gozag.
   636 | D        | Found a sparkling altar of Nemelex Xobeh.
   688 | D        | Became a worshipper of Gozag Ym Sagoz the Greedy
   728 | D        | Noticed a centaur warrior
   730 | D        | Noticed a centaur warrior
   740 | D        | Noticed a deep troll
   751 | D        | Killed a deep troll
   751 | D        | Reached skill level 10 in Fighting
   751 | D        | Reached skill level 11 in Armour
   751 | D        | Reached skill level 10 in Shields
   751 | D        | Reached XP level 7. HP: 12/73 MP: 6/6
   751 | D        | Shot with an arrow by a centaur warrior

Skill      XL: |  1  2  3  4  5  6 |
---------------+-------------------+-----
Fighting       | 5 6 8 9 10 | 10.5
Armour         | 5 6 8 9 11 | 11.3
Shields        | 5 6 8 9 10 | 10.3
Unarmed Combat | 1 2 3 |  3.3
Axes           | 3 5 6 9 |  9.6
Dodging        | 1 2 |  2.9

Action                   |  1- 3 |  4- 6 |  7- 9 || total
-------------------------+-------+-------+-------++-------
Melee: Unarmed           |    14 |       |       ||    14
       War axe           |     5 |    26 |       ||    31
       Headbutt          |       |     3 |       ||     3
Evoke: Wand              |     1 |       |       ||     1
  Use: Potion            |       |     2 |       ||     2
Armor: Skin              |     2 |       |       ||     2
       Scale mail        |     2 |     6 |       ||     8
Dodge: Dodged            |    13 |    11 |       ||    24
Block: Shield            |     2 |    10 |       ||    12
